 Dungeon Crawl Stone Soup version 0.20.0-10-g0535bb4 (webtiles) character file.

1730287 kuniqs the Impregnable (level 27, 269/269 HPs)
             Began as a Minotaur Fighter on June 3, 2017.
             Escaped with the Orb
             ... and 3 runes!
             The game lasted 02:22:18 (67232 turns).

kuniqs the Impregnable (Minotaur Fighter)          Turns: 67232, Time: 02:22:19

Health: 269/269    AC: 47    Str: 28    XL:     27
Magic:  31/31      EV: 26    Int:  5    God:
Gold:   99         SH: 32    Dex: 20    Spells: 26/26 levels left

rFire    + + .     SeeInvis .   H - +7 broad axe (vamp)
rCold    + + .     Gourm    .   L - +0 large shield {rC+}
rNeg     + . .     Faith    .   y - +15 Maxwell's patent armour {-Cast -Tele rElec MR+ rCorr}
rPois    +         Spirit   .   (helmet restricted)
rElec    +         Reflect  +   m - +1 cloak {rPois}
rCorr    +         Harm     .   K - +2 pair of gloves {Dex+3}
MR       +++..     Clarity  +   v - +1 pair of boots of Fortitude {rN+} Stlth ..........NoTele +
                                S - +5 amulet of reflection
Regen    0.6/turn  NoCast   +   O - +6 ring of slaying
MPRegen  0.3/turn               U - ring of the Bruised Curses {rElec rF++ rC+ MP+9 Dex+3}

@: hasted (expiring), very quick
A: retaliatory headbutt, hooves 1, horns 2, blink, clarity, deterioration 1,
poison resistance, weak 1
0: Orb of Zot
}: 3/15 runes: decaying, silver, gossamer
a: Blink


You escaped.
You were not hungry.

You visited 9 branches of the dungeon, and saw 49 of its levels.
You visited the Abyss 1 time.
You also visited: Ice Cave.

You collected 6089 gold pieces.
You spent 5990 gold pieces at shops.

Inventory:

Hand Weapons
 i - a +2 antimagic war axe
 H - a +7 vampiric broad axe (weapon)
 Q - the +8 whip "Snakebite" {curare, rPois}
   (You found it on level 3 of the Lair of Beasts)

   It poisons the flesh of those it strikes.
   It protects you from poison.
Missiles
 q - 5 throwing nets (quivered)
Armour
 m - a +1 cloak of poison resistance (worn)
 v - the +1 pair of boots of Fortitude (worn) {rN+}
   (You found it on level 1 of the Spider Nest)

   It protects you from negative energy.
 y - the +15 Maxwell's patent armour (worn) {-Cast -Tele rElec MR+ rCorr}
   (You found it on level 5 of the Depths)

   It insulates you from electricity.
   It affects your resistance to hostile enchantments.
   It prevents spellcasting.
   It prevents most forms of teleportation.
   It protects you from acid and corrosion.
 A - a +1 hat
 K - a +2 pair of gloves of dexterity (worn)
 L - a +0 large shield of cold resistance (worn)
 W - a +6 crystal plate armour
Jewellery
 x - an uncursed ring of protection from magic
 D - an uncursed amulet of rage
 G - an uncursed ring of resist corrosion
 J - the amulet of the Air {Inacc +Fly rElec EV+5 RMsl}
   (You bought it in a shop on level 14 of the Dungeon)

   [amulet of inaccuracy]

   It reduces the accuracy of all your attacks.
   It affects your evasion (+5).
   It insulates you from electricity.
   It lets you fly.
   It protects you from missiles.
 M - an uncursed ring of protection from magic
 O - a +6 ring of slaying (left hand)
 S - a +5 amulet of reflection (around neck)
 U - the ring of the Bruised Curses (right hand) {rElec rF++ rC+ MP+9 Dex+3}
   (You found it on level 4 of the Vaults)

   [ring of dexterity]

   It affects your dexterity (+3).
   It greatly protects you from fire.
   It protects you from cold.
   It insulates you from electricity.
   It affects your magic capacity (+9).
 X - an uncursed ring of see invisible
Wands
 E - a wand of digging (5/24)
Scrolls
 g - 6 scrolls of immolation
 j - 11 scrolls of recharging
 n - 29 scrolls of remove curse {@r2}
 r - 3 scrolls of blinking
 s - 3 scrolls of identify {@r1}
 u - 17 scrolls of teleportation
 F - 3 scrolls of silence
 N - 3 scrolls of summoning
 R - 2 scrolls of fog
 V - 5 scrolls of fear
Potions
 b - 11 potions of heal wounds
 h - 7 potions of ambrosia
 l - 12 potions of might
 o - 4 potions of agility
 p - 2 potions of berserk rage
 t - 7 potions of flight
 w - 5 potions of mutation
 z - 16 potions of curing {@q1}
 B - 5 potions of invisibility
 I - 5 potions of resistance
 P - 6 potions of haste
 T - a potion of cancellation
 Y - 4 potions of brilliance
Miscellaneous
 a - a lightning rod (4/4)
 C - a lamp of fire
Comestibles
 d - 28 bread rations
 e - 15 meat rations
 f - 51 fruits
 k - 4 royal jellies


   Skills:
 + Level 26.2 Fighting
 - Level 18.0 Axes
 + Level 26.5 Armour
 + Level 24.4 Dodging
 - Level 26.0 Shields


You had 26 spell levels left.
You didn't know any spells.

Dungeon Overview and Level Annotations

Branches:
Dungeon (15/15)            Temple (0/1) D:5            Lair (6/6) D:8
  Swamp (4/4) Lair:4       Spider (4/4) Lair:2        Slime (0/5) Lair:5
    Orc (2/2) D:12            Elf (3/3) Orc:2        Vaults (5/5) D:13
  Crypt (0/3) Vaults:2     Depths (5/5) D:15            Zot (5/5) Depths:5

Altars:
Ashenzari
Elyvilon
Gozag
Hepliaklqana
Kikubaaqudgha
Makhleb
Nemelex Xobeh
Okawaru
Qazlal
Ru
Trog
Vehumet
Xom
Yredelemnul
The Shining One
Beogh
Lugonu

Shops:
D:8 ?   D:12 %[   D:13 :(   D:14 =   D:15 (   Orc:1 !   Orc:2 (([!   Elf:1 !
Elf:2 =   Elf:3 %!?   Vaults:1 [   Vaults:2 !   Vaults:3 *   Vaults:4 [
Depths:1 :

Portals:
Hell: Depths:1 Depths:2 Depths:3 Depths:4 Depths:5
Abyss: Depths:3 Depths:4
Pandemonium: Depths:3
Ziggurat: Depths:2
Trove: Vaults:3 (give 6 scrolls of blinking)

Annotations:
D:12 Nergalle
Swamp:1 exclusion: Roxanne, Roxanne
Elf:2 3 runed doors
Depths:1 1 runed door, exclusion: orange crystal statue
Depths:2 1 exclusion
Depths:3 1 transporter
Zot:5 exclusion: 2 upstairs


Innate Abilities, Weirdness & Mutations

You reflexively headbutt those who attack you in melee.
You have a pair of horns on your head.
You have large cloven feet.
You can translocate small distances at will.
You possess an exceptional clarity of mind.
Your body sometimes deteriorates upon taking damage.
Your system is resistant to poisons. (rPois)
You are weak. (Str -2)


Message History

You destroy the plant!
You slice the plant!!
You destroy the plant!
You block the sixfirhy's attack.
You slash the cacodemon!
The cacodemon is heavily wounded.
You slash the sixfirhy! You block the sixfirhy's attack.
The sixfirhy completely misses you. You furiously retaliate!
You headbutt the sixfirhy!!
You kill the sixfirhy!
You closely miss the cacodemon. You headbutt the cacodemon!!
The cacodemon is almost dead.
Your extra speed is starting to run out.
You block the cacodemon's attack. x2
You slice the cacodemon!!
You kill the cacodemon!
You block the orange demon's attack.
There is a staircase leading out of the dungeon here.
You block the orange demon's attack. x2
You have escaped!

#......... # #.......). #
#......... # #....####. #
#....##... ######## #######...
.......##################....+...
.......#.PPPPPPP...PPPPP....>#...
...............4@.........#......
#####....PPPPPPP...PPPPP..#......
#.....#.#################.....##.
..#####.......................###
.#################.######..)..#
..............................#
.#########.......########.....#
.........รท.......##...........#
.................##...........#


You could see an orange demon.

Vanquished Creatures
  6 ancient liches
  Mara (Vaults:5)
  2 orbs of fire (Zot:5)
  Boris (Depths:4)
  Bai Suzhen (Vaults:3)
  Frederick (Vaults:3)
  Saint Roka (Depths:3)
  8 Killer Klowns
  2 caustic shrikes (Depths:5)
  3 curse toes
  3 golden dragons
  A Tzitzimitl (Depths:3)
  3 electric golems (Zot:5)
  Rupert (Orc:2)
  Jorgrun (Depths:2)
  An Ice Fiend (Depths:5)
  17 tentacled monstrosities
  5 liches
  4 deep elf master archers (Elf:3)
  3 quicksilver dragons
  8 titans
  The ghost of Vajrapani the Unseen, an adept OpFi of Yredelemnul (Vaults:4)
  23 Orb Guardians
  A quicksilver dragon (shapeshifter) (Depths:5)
  4 death cobs
  2 sphinxes
  7 shadow dragons
  12 tengu reavers
  Agnes (Spider:1)
  A draconian monk (Zot:5)
  2 thorn hunters
  7 storm dragons
  Kirke (Spider:2)
  17 fire giants
  3 draconian knights
  2 iron dragons
  13 frost giants
  A draconian stormcaller (Zot:2)
  4 deep elf sorcerers
  6 emperor scorpions
  An orc warlord (Orc:2)
  4 draconian scorchers
  A cacodemon (D:1)
  2 balrugs
  3 draconian shifters
  4 ghost moths
  7 deep elf elementalists
  A ghoul (Vaults:2)
  2 caustic shrike zombies (Depths:4)
  Louise (Depths:4)
  7 vault wardens
  2 draconian annihilators
  The ghost of kuniqs the Fighter, an adept VSBe of Trog (D:15)
  13 stone giants
  15 very ugly things
  20 ironheart preservers
  A war gargoyle (Vaults:5)
  The ghost of ThereIsNoGod the Bludgeoner, a journeyman GrFi of Okawaru (Swamp:2)
  6 green draconians
  The ghost of Hasart the Basher, a journeyman NaFi of Cheibriados (Lair:3)
  10 vampire knights
  A caustic shrike skeleton (Depths:4)
  13 entropy weavers
  The ghost of Gravenous the Blocker, a journeyman GrBe of Trog (Spider:1)
  11 deep elf annihilators
  5 black draconians
  8 red draconians
  9 deep elf demonologists
  3 yellow draconians (Zot:5)
  6 dire elephants (Lair:6)
  4 purple draconians
  5 large abominations
  18 ettins
  6 white draconians
  2 blizzard demons (IceCv)
  8 spark wasps
  A quicksilver dragon zombie (Depths:4)
  10 fire dragons
  10 deep elf death magi
  8 deep elf high priests
  A jiangshi (Depths:4)
  2 merfolk impalers (Depths:4)
  33 vault guards
  22 yaktaur captains
  12 great orbs of eyes
  Josephine (D:13)
  9 rakshasas
  16 ice dragons
  21 hydras
  2 catoblepae
  Erolcha (D:11)
  2 spriggan air magi
  A ghost crab (Swamp:2)
  44 two-headed ogres
  4 centaur warriors
  The ghost of Gravenous the Carver, a novice MiFi of Ru (Lair:1)
  14 dancing weapons
  An anaconda (Lair:6)
  2 queen ants (shapeshifter) (Vaults:5)
  Erica (D:8)
  6 alligators
  20 ogre magi
  6 death yaks
  8 tengu warriors
  6 deep troll shamans
  9 spriggan berserkers
  An orc high priest (Orc:1)
  A titan zombie (Vaults:5)
  A queen ant (Spider:3)
  A shock serpent (shapeshifter) (Vaults:1)
  11 deep troll earth magi
  5 iron trolls
  2 vampire magi (Depths:5)
  2 storm dragon zombies (Depths:4)
  3 sun demons
  2 soul eaters
  2 fire crabs (shapeshifter)
  A titan skeleton (Depths:4)
  A shadow wraith (Vaults:3)
  3 spriggans
  17 deep elf knights
  13 skeletal warriors
  14 hell knights
  A spark wasp zombie (Depths:4)
  A sixfirhy (D:1)
  A small abomination (Vaults:5)
  5 unseen horrors
  2 harpies (shapeshifter)
  9 wizards
  27 deep trolls
  9 glowing orange brains
  17 deep elf archers
  12 flayed ghosts
  6 spriggan druids
  7 phantasmal warriors
  A glowing orange brain (shapeshifter) (Vaults:5)
  Pikel (D:6)
  9 swamp dragons
  The ghost of anfisbena the Cleaver, a novice HOFi of Uskayaw (D:6)
  3 shambling mangroves
  6 necromancers
  18 ironbrand convokers
  A sphinx zombie (Depths:4)
  51 deep elf magi
  11 orc knights
  14 orb spiders
  28 wolf spiders
  7 cyclopes
  A tengu zombie (Vaults:2)
  6 orc sorcerers
  A wolf spider zombie (D:15)
  A sphinx skeleton (Depths:2)
  2 frost giant zombies
  A tengu skeleton (Depths:4)
  An iron dragon zombie (Depths:4)
  4 manticores
  33 ugly things
  2 salamanders
  27 moths of wrath
  A salamander (shapeshifter) (Vaults:5)
  9 elephants (Lair:6)
  3 rust devils
  A black mamba (shapeshifter) (Depths:5)
  A water nymph (shapeshifter) (Depths:5)
  A fire giant skeleton (Depths:4)
  3 human skeletons
  A torpor snail (Spider:4)
  An iron dragon skeleton (Depths:4)
  27 vault sentinels
  A titan simulacrum (Depths:2)
  4 black mambas
  An orange demon (D:1)
  Joseph (D:9)
  24 spiny frogs
  A hellion (D:13)
  58 yaktaurs
  17 freezing wraiths
  12 komodo dragons
  A rime drake (shapeshifter) (Vaults:1)
  2 efreet (D:14)
  12 demonic crawlers
  A yaktaur (shapeshifter) (Elf:3)
  A golden dragon simulacrum (IceCv)
  2 guardian mummies (Vaults:3)
  7 ice devils (IceCv)
  3 hellwings
  4 tengu conjurers
  5 tyrant leeches
  A queen bee (shapeshifter) (Depths:5)
  A red devil (Depths:3)
  16 hornets
  32 jumping spiders
  8 trolls
  A wind drake (shapeshifter) (Depths:2)
  A jumping spider (shapeshifter) (Abyss:2)
  8 bog bodies
  18 blink frogs
  A raiju (shapeshifter) (Vaults:3)
  3 slime creatures (shapeshifter)
  63 slime creatures
  A tengu simulacrum (Vaults:3)
  A hornet (shapeshifter) (D:13)
  A hippogriff (shapeshifter) (Vaults:5)
  A dream sheep (shapeshifter) (Vaults:3)
  12 hippogriffs
  An ice dragon skeleton (Vaults:1)
  92 redbacks
  4 flying skulls (Depths:4)
  A dire elephant simulacrum (IceCv)
  4 air elementals
  5 shadows
  19 tarantellas
  46 yaks
  24 water elementals
  5 wyverns
  3 elf zombies
  A hog (shapeshifter) (Vaults:4)
  6 wraiths
  A human (D:7)
  A basilisk (shapeshifter) (Vaults:1)
  4 fire bats (Depths:2)
  An elf simulacrum (Vaults:5)
  2 spriggan skeletons
  8 fire elementals
  5 hogs
  9 vampire mosquitoes
  An elf skeleton (Vaults:1)
  4 hungry ghosts
  A chaos spawn (Abyss:2)
  20 soldier ants (Spider:3)
  5 iron troll simulacra (IceCv)
  33 swamp worms
  9 insubstantial wisps
  4 acid dragons
  3 harpy simulacra (IceCv)
  8 wargs
  20 water moccasins
  5 hydra simulacra (IceCv)
  7 porcupines
  54 orc warriors
  5 ice beasts
  13 swamp drakes
  A black bear (D:11)
  3 sky beasts
  A slave (D:6)
  6 phantoms
  An alligator simulacrum (IceCv)
  5 boggarts
  51 ogres
  A necrophage (D:6)
  A wolf (shapeshifter) (Vaults:4)
  42 wolves
  18 centaurs
  13 crocodiles
  4 human zombies
  A big kobold (shapeshifter) (Vaults:5)
  16 bullfrogs
  6 big kobolds
  A gnoll sergeant (D:8)
  8 earth elementals
  7 scorpions
  A water moccasin skeleton (D:7)
  8 killer bees
  13 wights
  A swamp dragon simulacrum (IceCv)
  The ghost of bli the Magician, a weakling MfWn (D:3)
  9 howler monkeys
  7 crimson imps
  A human simulacrum (Vaults:1)
  5 centaur zombies
  3 draconian simulacra (IceCv)
  6 hounds
  A quasit (D:7)
  5 bullfrog zombies
  2 gnoll shamans
  A bullfrog skeleton (D:6)
  9 jellies
  Crazy Yiuf (D:6)
  28 orc priests
  8 centaur skeletons
  6 iguanas
  41 orc wizards
  33 worker ants
  A spriggan simulacrum (IceCv)
  2 wolf simulacra (IceCv)
  3 troll simulacra (IceCv)
  A hound zombie (D:5)
  2 hound skeletons
  A worker ant zombie (D:8)
  16 gnolls
  2 naga simulacra (IceCv)
  13 adders
  3 shadow imps
  7 white imps (IceCv)
  6 ufetubi
  2 adder zombies
  2 adder skeletons (D:4)
  15 worms
  A dart slug (D:6)
  4 leopard geckos
  141 orcs
  5 bats
  2 giant cockroaches
  8 goblins
  10 hobgoblins
  2 jackals (D:2)
  27 kobolds
  5 quokkas
  A ball python (D:6)
  7 frilled lizards
  3 jackal skeletons
  11 rats
  2 crawling corpses
  8 fungi
  6 plants
2568 creatures vanquished.

Vanquished Creatures (collateral kills)
  A wolf (Lair:3)
1 creature vanquished.

Vanquished Creatures (others)
  Asterion (Vaults:2)
  A fire giant (Vaults:3)
  An ironheart preserver (Vaults:5)
  A draconian annihilator (Depths:1)
  A very ugly thing (Depths:5)
  A war gargoyle (Vaults:5)
  An ice dragon (Depths:5)
  A hydra (Swamp:2)
  2 deep elf knights
  2 shadow wraiths
  3 deep elf magi
  A vault sentinel (Vaults:5)
  3 yaktaurs
  A slave (D:6)
  A phantom (D:6)
  4 ogres
  A howler monkey (D:6)
  A jelly (D:6)
  An orc wizard (Depths:3)
  4 orcs
  A quokka (D:6)
  A briar patch (Swamp:4)
  15 fungi
  21 plants
70 creatures vanquished.

Grand Total: 2639 creatures vanquished

Notes
Turn   | Place    | Note
-------+----------+-------------------------------------------
     0 | D:1      | kuniqs the Minotaur Fighter began the quest for the Orb.
     0 | D:1      | Reached XP level 1. HP: 19/19 MP: 0/0
   232 | D:1      | Reached XP level 2. HP: 27/27 MP: 1/1
   549 | D:2      | Reached XP level 3. HP: 22/33 MP: 2/2
   575 | D:2      | Reached skill level 1 in Dodging
   885 | D:2      | Found a bloodstained altar of Trog.
  1292 | D:2      | Reached XP level 4. HP: 40/40 MP: 3/3
  1580 | D:3      | Noticed bli's ghost (weakling MfWn)
  1599 | D:3      | Killed bli's ghost
  1870 | D:3      | Reached XP level 5. HP: 43/46 MP: 4/4
  2093 | D:3      | Found a bloodstained altar of Trog.
  2093 | D:3      | Found a burning altar of Makhleb.
  2098 | D:3      | Found a radiant altar of Vehumet.
  2106 | D:3      | Found a hazy altar of Hepliaklqana.
  2118 | D:3      | Found a shattered altar of Ashenzari.
  2358 | D:4      | Noticed an ogre
  2363 | D:4      | Killed an ogre
  2363 | D:4      | Reached skill level 5 in Armour
  2363 | D:4      | Reached XP level 6. HP: 23/53 MP: 5/5
  2613 | D:4      | Found a sparkling altar of Nemelex Xobeh.
  2802 | D:4      | Found a glowing golden altar of the Shining One.
  2862 | D:4      | Found a stormy altar of Qazlal.
  2895 | D:4      | Reached skill level 5 in Shields
  3314 | D:4      | Reached skill level 5 in Fighting
  3314 | D:4      | Reached XP level 7. HP: 61/61 MP: 6/6
  3321 | D:4      | You fall through a shaft!
  3321 | D:5      | Entered Level 5 of the Dungeon
  3564 | D:5      | Found a staircase to the Ecumenical Temple.
  3611 | D:5      | Reached skill level 5 in Axes
  4203 | D:5      | Reached XP level 8. HP: 64/70 MP: 7/7
  4354 | D:6      | Noticed anfisbena's ghost (novice HOFi)
  4600 | D:6      | Found a white marble altar of Elyvilon.
  4647 | D:6      | Found a sacrificial altar of Ru.
  4854 | D:6      | Reached skill level 5 in Dodging
  4878 | D:6      | Noticed Pikel
  4929 | D:6      | Killed Pikel
  4929 | D:6      | Reached XP level 9. HP: 68/79 MP: 8/8
  5093 | D:6      | Killed anfisbena's ghost
  5259 | D:6      | Found a runed door.
  5263 | D:6      | Noticed Crazy Yiuf
  5267 | D:6      | Killed Crazy Yiuf
  5508 | D:7      | Found an iron altar of Okawaru.
  5520 | D:7      | Found an opulent altar of Gozag.
  5828 | D:7      | Found an ancient bone altar of Kikubaaqudgha.
  5905 | D:7      | Reached XP level 10. HP: 48/88 MP: 9/9
  6674 | D:8      | Noticed a two-headed ogre
  6682 | D:8      | Noticed Erica
  6688 | D:8      | Killed Erica
  6691 | D:8      | Killed a two-headed ogre
  6821 | D:8      | Found Cetsoff's Magic Scroll Shoppe.
  7038 | D:8      | Found a shimmering altar of Xom.
  7045 | D:8      | Found a staircase to the Lair.
  7179 | D:9      | Noticed Joseph
  7202 | D:9      | Killed Joseph
  7339 | D:9      | Reached skill level 10 in Armour
  7375 | D:9      | Noticed a two-headed ogre
  7385 | D:9      | Killed a two-headed ogre
  7385 | D:9      | Reached XP level 11. HP: 72/99 MP: 10/10
  7858 | D:9      | Noticed a two-headed ogre
  7877 | D:9      | Reached skill level 10 in Shields
  7995 | D:9      | Noticed a two-headed ogre
  7999 | D:9      | Killed a two-headed ogre
  7999 | D:9      | Reached skill level 10 in Fighting
  8018 | D:9      | Killed a two-headed ogre
  8018 | D:9      | Reached skill level 10 in Axes
  8498 | D:9      | Noticed a two-headed ogre
  8507 | D:9      | Killed a two-headed ogre
  8559 | D:10     | Entered Level 10 of the Dungeon
  8951 | D:10     | You fall through a shaft for 3 floors!
  9138 | D:11     | Noticed a brown ugly thing
  9146 | D:11     | Killed a brown ugly thing
  9255 | D:11     | Noticed an orc knight
  9279 | D:10     | Killed an orc knight
  9887 | D:11     | Reached XP level 12. HP: 108/108 MP: 11/11
 10075 | D:11     | Reached skill level 10 in Dodging
 10144 | D:11     | Noticed a frost giant
 10144 | D:11     | Noticed a two-headed ogre
 10333 | Lair:1   | Entered Level 1 of the Lair of Beasts
 10768 | Lair:1   | Noticed Gravenous's ghost (novice MiFi)
 10788 | Lair:1   | Killed Gravenous's ghost
 11559 | Lair:2   | Identified the cursed +1 scale mail "Ynna" {rPois rF- Dex+3} (You found it on level 2 of the Lair of Beasts)
 11877 | Lair:2   | Found a hole to the Spider Nest.
 11898 | Lair:2   | Noticed a four-headed hydra
 11906 | Lair:2   | Killed a one-headed hydra
 12524 | Lair:3   | Noticed Hasart's ghost (journeyman NaFi)
 12624 | Lair:3   | Killed Hasart's ghost
 12953 | Lair:3   | Noticed a death yak
 12971 | Lair:3   | Killed a death yak
 12990 | Lair:3   | Reached XP level 13. HP: 117/117 MP: 12/12
 14159 | Lair:4   | Found a staircase to the Swamp.
 14465 | Lair:4   | Identified the +1 scale mail of the Alphagorgon {+Fly rN+ MR+} (You found it on level 4 of the Lair of Beasts)
 15838 | Lair:5   | Found a staircase to the Slime Pits.
 16178 | Lair:6   | Entered Level 6 of the Lair of Beasts
 16526 | Lair:6   | Reached XP level 14. HP: 129/129 MP: 13/13
 17125 | Lair:6   | Identified the +1 broad axe of the Wilderness {flame, Fragile rElec rF+} (You found it on level 6 of the Lair of Beasts)
 18179 | D:11     | Killed a frost giant
 18589 | D:11     | Noticed Erolcha
 18602 | D:11     | Killed Erolcha
 19227 | D:12     | Found a staircase to the Orcish Mines.
 19227 | D:12     | Found Ocis's Armour Boutique.
 19572 | D:12     | Found Cutynoq's Food Shoppe.
 20010 | D:13     | Reached XP level 15. HP: 135/138 MP: 14/14
 20084 | D:13     | Noticed Josephine
 20104 | D:13     | Killed Josephine
 20166 | D:13     | Identified the +7 war axe of Tenacity {freeze, +Inv Int+3} (You took it off a wight on level 13 of the Dungeon)
 20219 | D:13     | Found Nyruklargh's Book Shop.
 20300 | D:13     | Found a gate to the Vaults.
 20508 | D:13     | Found Aghosot's Weapon Shoppe.
 20945 | D:15     | Entered Level 15 of the Dungeon
 21155 | D:14     | Found Puoc's Jewellery Emporium.
 21165 | D:14     | Bought the amulet of the Air {Inacc +Fly rElec EV+5 RMsl} for 476 gold pieces
 21428 | D:14     | Reached skill level 15 in Armour
 22028 | D:12     | Noticed Nergalle
 22028 | Orc:1    | Entered Level 1 of the Orcish Mines
 22223 | Orc:1    | Found Safikij's Distillery.
 22694 | Orc:2    | Entered Level 2 of the Orcish Mines
 22710 | Orc:2    | Found a staircase to the Elven Halls.
 22721 | Orc:2    | Found a roughly hewn altar of Beogh.
 22721 | Orc:2    | Found Ucvan's Antique Weapon Boutique.
 22839 | Orc:2    | Noticed Rupert
 22876 | Orc:2    | Killed Rupert
 23133 | Orc:2    | Found a roughly hewn altar of Beogh.
 23145 | Orc:2    | Found Kiorav's Distillery.
 23322 | Orc:2    | Reached skill level 15 in Shields
 23363 | Orc:2    | Found a roughly hewn altar of Beogh.
 23658 | Orc:2    | Noticed an orc warlord
 23876 | Orc:2    | Killed an orc warlord
 23930 | Orc:2    | Found Fedim's Antique Weapon Emporium.
 23930 | Orc:2    | Found a roughly hewn altar of Beogh.
 23933 | Orc:2    | Found Ufewothesoa's Antique Armour Shoppe.
 24167 | D:12     | Bought a +2 plate armour of fire resistance for 520 gold pieces
 24342 | Lair:2   | Reached skill level 15 in Fighting
 24342 | Lair:2   | Reached skill level 15 in Axes
 24344 | Spider:1 | Entered Level 1 of the Spider Nest
 24419 | Spider:1 | Noticed Gravenous's ghost (journeyman GrBe)
 24447 | Spider:1 | Killed Gravenous's ghost
 24860 | Spider:1 | Got a pair of faintly glowing boots
 24871 | Spider:1 | Identified the +1 pair of boots of Fortitude {rN+} (You found it on level 1 of the Spider Nest)
 25155 | Spider:1 | Reached XP level 16. HP: 140/149 MP: 15/15
 25389 | Spider:2 | Noticed Agnes
 25775 | Spider:1 | Killed Agnes
 26110 | Spider:2 | Noticed Kirke
 26130 | Spider:2 | Killed Kirke
 28737 | Spider:3 | Reached skill level 15 in Dodging
 29110 | Spider:4 | Entered Level 4 of the Spider Nest
 29335 | Spider:4 | Reached XP level 17. HP: 142/158 MP: 16/16
 31825 | Spider:4 | Got a gossamer rune of Zot
 32017 | Swamp:1  | Entered Level 1 of the Swamp
 32137 | Swamp:1  | Paralysed by a hornet for 3 turns
 32777 | Swamp:1  | Noticed Roxanne
 33230 | Swamp:2  | Noticed ThereIsNoGod's ghost (journeyman GrFi)
 33289 | Swamp:2  | Killed ThereIsNoGod's ghost
 35174 | Swamp:4  | Entered Level 4 of the Swamp
 35220 | Swamp:4  | Reached XP level 18. HP: 147/169 MP: 17/17
 35227 | Swamp:4  | Found a frozen archway.
 35284 | IceCv    | Entered an ice cave
 36059 | IceCv    | Identified the Almanac of Dusty Flight
 36771 | Swamp:4  | Got a decaying rune of Zot
 37607 | Vaults:1 | Entered Level 1 of the Vaults
 37607 | Vaults:1 | Found Kisimpuh's Armour Boutique.
 38796 | Vaults:1 | Reached XP level 19. HP: 107/179 MP: 18/18
 41106 | Vaults:2 | Found Rozufof's Distillery.
 41236 | Vaults:2 | Noticed Asterion
 41261 | Vaults:2 | Killed Asterion
 41804 | Vaults:2 | Found a staircase to the Crypt.
 41804 | Vaults:2 | Found an ancient bone altar of Kikubaaqudgha.
 41805 | Vaults:2 | Found a basalt altar of Yredelemnul.
 42648 | Vaults:3 | Noticed Frederick
 42666 | Vaults:3 | Killed Frederick
 42891 | Vaults:3 | Found Nocre's Assorted Antiques.
 42909 | Vaults:3 | Found a portal to a secret trove of treasure.
 43544 | Vaults:3 | Reached XP level 20. HP: 174/189 MP: 19/19
 43948 | Vaults:3 | You fall through a shaft!
 44089 | Vaults:4 | Got a brightly glowing ivory ring
 44090 | Vaults:4 | Identified the ring of the Bruised Curses {rElec rF++ rC+ MP+9 Dex+3} (You found it on level 4 of the Vaults)
 45732 | Vaults:4 | Noticed Bai Suzhen
 46038 | Vaults:3 | Killed Bai Suzhen
 46980 | Vaults:4 | Found Ocaashra's Antique Armour Shop.
 46992 | Vaults:4 | Bought a pair of glowing gloves for 262 gold pieces
 47042 | Vaults:4 | Noticed Vajrapani's ghost (adept OpFi)
 47078 | Vaults:4 | Killed Vajrapani's ghost
 47761 | D:15     | Noticed kuniqs's ghost (adept VSBe)
 47787 | D:15     | Killed kuniqs's ghost
 47857 | D:15     | Reached XP level 21. HP: 200/201 MP: 20/20
 47935 | D:15     | Found a staircase to the Depths.
 48045 | D:15     | Found Oboirph's Weapon Boutique.
 48092 | D:15     | Found a sparkling altar of Nemelex Xobeh.
 48506 | Depths:1 | Entered Level 1 of the Depths
 48837 | Depths:1 | Found Reekhlue's Book Shop.
 49348 | Depths:1 | Found a gateway to Hell.
 49659 | Depths:1 | Found a runed door.
 49906 | Depths:2 | Found a gateway to a ziggurat.
 50210 | Depths:2 | Noticed Jorgrun
 50228 | Depths:2 | Killed Jorgrun
 50626 | Depths:2 | Paralysed by a sphinx for 6 turns
 51108 | Depths:2 | Reached XP level 22. HP: 212/213 MP: 21/21
 51330 | Depths:3 | Found a transporter.
 51333 | Depths:3 | Found a corrupted altar of Lugonu.
 51347 | Depths:3 | Found a one-way gate to the infinite horrors of the Abyss.
 51904 | Depths:3 | Noticed Saint Roka
 51928 | Depths:3 | Killed Saint Roka
 52069 | Depths:3 | Found a one-way gate leading to the halls of Pandemonium.
 52890 | Depths:4 | Noticed Louise
 52917 | Depths:4 | Noticed Boris
 52922 | Depths:4 | Killed Louise
 52940 | Depths:4 | HP: 7/213 [quicksilver dragon zombie (6)]
 52941 | Depths:4 | Killed Boris
 53435 | Depths:4 | Paralysed by a floating eye for 3 turns
 53453 | Depths:4 | Paralysed by a floating eye for 2 turns
 54029 | Depths:5 | Entered Level 5 of the Depths
 54400 | Elf:1    | Entered Level 1 of the Elven Halls
 54427 | Elf:1    | Found a radiant altar of Vehumet.
 54853 | Elf:1    | Found Jovvodiang's Distillery.
 54856 | Elf:1    | Bought a potion of haste for 150 gold pieces
 54856 | Elf:1    | Bought a potion of heal wounds for 75 gold pieces
 54894 | Elf:1    | Reached XP level 23. HP: 222/222 MP: 22/22
 55374 | Elf:3    | Entered Level 3 of the Elven Halls
 55639 | Elf:3    | Found Todillow's Magic Scroll Boutique.
 55652 | Elf:3    | Bought a scroll of enchant weapon for 120 gold pieces
 55875 | Elf:3    | Found Jiwuh's Food Emporium.
 55978 | Elf:2    | Found Zobbuxoa's Jewellery Shop.
 55993 | Elf:2    | Bought a +6 ring of slaying for 2013 gold pieces
 56096 | Elf:2    | Found a runed gate.
 56096 | Elf:2    | Found a runed gate.
 56096 | Elf:2    | Found a runed gate.
 56635 | Elf:3    | Found Giutuanu's Distillery.
 56648 | Elf:3    | Bought a potion of might for 60 gold pieces
 56648 | Elf:3    | Bought a potion of might for 60 gold pieces
 56648 | Elf:3    | Bought a potion of haste for 150 gold pieces
 56648 | Elf:3    | Bought a potion of heal wounds for 75 gold pieces
 56648 | Elf:3    | Bought a potion of heal wounds for 75 gold pieces
 57048 | Elf:3    | Cast into level 2 of the Abyss (a deep elf sorcerer)
 57138 | Elf:3    | Escaped the Abyss
 57352 | Elf:3    | Got a warped bronze amulet
 57353 | Elf:3    | Identified the amulet of Descent {rF- Regen+ Str+5 Int+4} (You took it off a deep elf mage on level 3 of the Elven Halls)
 57791 | Vaults:5 | Entered Level 5 of the Vaults
 58075 | Vaults:5 | Noticed Mara
 58090 | Vaults:5 | Noticed kuniqs's illusion
 58107 | Vaults:5 | Reached XP level 24. HP: 191/234 MP: 22/22
 58117 | Vaults:5 | Noticed kuniqs's illusion
 58183 | Vaults:5 | Noticed kuniqs's illusion
 58186 | Vaults:5 | Killed Mara
 58642 | Vaults:5 | Noticed an ancient lich
 58666 | Vaults:5 | Killed an ancient lich
 58960 | Vaults:5 | Got a brightly glowing turquoise ring
 58961 | Vaults:5 | Identified the ring of Kolek Amn {rElec rF+ rN+ Str-2 Dex+4} (You took it off a yaktaur captain on level 5 of the Vaults)
 59047 | Vaults:5 | Got a silver rune of Zot
 59196 | Vaults:5 | Got a translucent ivory ring
 59197 | Vaults:5 | Identified the cursed ring "Heedirang" {rElec rN+ Str-5 Dex+3} (You found it on level 5 of the Vaults)
 60000 | Orc:1    | Bought a potion of might for 52 gold pieces
 60000 | Orc:1    | Bought a potion of mutation for 104 gold pieces
 60000 | Orc:1    | Bought a potion of heal wounds for 65 gold pieces
 60000 | Orc:1    | Bought a potion of haste for 130 gold pieces
 60080 | Orc:2    | Bought a potion of heal wounds for 65 gold pieces
 60080 | Orc:2    | Bought a potion of mutation for 104 gold pieces
 60080 | Orc:2    | Bought a potion of curing for 39 gold pieces
 60080 | Orc:2    | Bought a potion of curing for 39 gold pieces
 60080 | Orc:2    | Bought a potion of curing for 39 gold pieces
 60080 | Orc:2    | Bought a potion of curing for 39 gold pieces
 60080 | Orc:2    | Bought a potion of curing for 39 gold pieces
 60491 | Depths:5 | Paralysed by something for 2 turns
 60507 | Depths:5 | Reached XP level 25. HP: 130/245 MP: 22/22
 60992 | Depths:5 | HP: 6/245 [stone giant (14)]
 61005 | Depths:5 | HP: 9/245 [something (8)]
 61042 | Depths:4 | Identified the quicksilver dragon scales "Neeleph" {rPois rF+ MR+ Str+4 Int+4 Dex-4} (You took it off a spriggan berserker on level 4 of the Depths)
 61409 | Depths:5 | Noticed an ancient lich
 61418 | Depths:5 | Killed an ancient lich
 61524 | Depths:5 | Paralysed by something for 7 turns
 61951 | Depths:5 | Found a gate to the Realm of Zot.
 62601 | Zot:1    | Entered Level 1 of the Realm of Zot
 63968 | Zot:4    | Reached XP level 26. HP: 256/256 MP: 0/22
 63997 | Zot:5    | Entered Level 5 of the Realm of Zot
 64535 | Zot:5    | Noticed an ancient lich
 64539 | Zot:5    | Noticed an ancient lich
 64554 | Zot:5    | Killed an ancient lich
 64561 | Zot:5    | Killed an ancient lich
 64795 | Zot:5    | Noticed an ancient lich
 64820 | Zot:5    | Killed an ancient lich
 64828 | Zot:5    | Noticed an ancient lich
 64853 | Zot:5    | Killed an ancient lich
 65099 | Zot:5    | Noticed an orb of fire
 65099 | Zot:5    | Gained mutation: You can translocate small distances at will. [an orb of fire]
 65108 | Zot:5    | Gained mutation: You have large cloven feet. [an orb of fire]
 65122 | Zot:5    | Killed an orb of fire
 65387 | Zot:5    | Noticed an orb of fire
 65387 | Zot:5    | Gained mutation: Your body sometimes deteriorates upon taking damage. [an orb of fire]
 65399 | Zot:5    | Killed an orb of fire
 65442 | Zot:5    | Reached XP level 27. HP: 227/268 MP: 10/22
 66072 | Vaults:2 | Bought a potion of haste for 130 gold pieces
 66072 | Vaults:2 | Bought 2 potions of might for 104 gold pieces
 66072 | Vaults:2 | Bought a potion of haste for 130 gold pieces
 66072 | Vaults:2 | Bought a potion of haste for 130 gold pieces
 66072 | Vaults:2 | Bought a potion of heal wounds for 65 gold pieces
 66072 | Vaults:2 | Bought 2 potions of haste for 260 gold pieces
 66141 | Vaults:3 | Bought a potion of mutation for 280 gold pieces
 66141 | Vaults:3 | Bought a potion of might for 140 gold pieces
 66563 | Zot:5    | Got the Orb of Zot
 66601 | Zot:5    | Noticed an orb of fire
 66602 | Zot:5    | Gained mutation: You are occasionally teleported next to monsters. [an orb of fire]
 66603 | Zot:5    | Gained mutation: You are weak. (Str -2) [an orb of fire]
 66612 | Zot:5    | Gained mutation: Scrolls take you a little longer to read. [an orb of fire]
 66630 | Zot:5    | Gained mutation: You are frail. (-10% HP) [an orb of fire]
 66636 | Zot:4    | Lost mutation: You are weak. (Str -2) [potion of mutation]
 66636 | Zot:4    | Lost mutation: Scrolls take you a little longer to read. [potion of mutation]
 66636 | Zot:4    | Lost mutation: You are frail. (-10% HP) [potion of mutation]
 66636 | Zot:4    | Gained mutation: You are agile. (Dex +2) [potion of mutation]
 66636 | Zot:4    | Gained mutation: You expend magic power (3 MP) to strengthen your wands. [potion of mutation]
 66636 | Zot:4    | Gained mutation: You are very agile. (Dex +4) [potion of mutation]
 66637 | Zot:4    | Lost mutation: You expend magic power (3 MP) to strengthen your wands. [potion of mutation]
 66637 | Zot:4    | Lost mutation: You are very agile. (Dex +4) [potion of mutation]
 66637 | Zot:4    | Lost mutation: You are agile. (Dex +2) [potion of mutation]
 66637 | Zot:4    | Lost mutation: You are occasionally teleported next to monsters. [potion of mutation]
 66637 | Zot:4    | Gained mutation: You have a pair of large horns on your head. [potion of mutation]
 66637 | Zot:4    | Lost mutation: You have a pair of large horns on your head. [potion of mutation]
 66637 | Zot:4    | Gained mutation: You possess an exceptional clarity of mind. [potion of mutation]
 66792 | Depths:4 | Noticed Jasaneow the pandemonium lord
 66852 | Depths:2 | Gained mutation: You are weak. (Str -2) [a neqoxec]
 66858 | Depths:2 | Gained mutation: Your system is resistant to poisons. (rPois) [a neqoxec]
 67232 | D:$      | Escaped with the Orb!

Skill      XL: |  1  2  3  4  5  6  7  8  9 10 11 12 13 14 15 16 17 18 19 20 21 22 23 24 25 26 27 |
---------------+----------------------------------------------------------------------------------+-----
Axes           | 3 4 5 6 8 9 10 12 13 14 15 16 17 18 | 18.0
Shields        | 4 5 7 8 9 10 12 13 14 15 16 17 18 19 20 21 22 23 24 25 26 | 26.0
Armour         | 4 5 6 7 8 10 11 12 13 14 15 16 17 18 19 20 21 22 23 24 25 26 | 26.5
Dodging        | 1 2 3 4 5 7 8 9 11 12 13 14 15 16 17 18 19 20 21 22 23 24 | 24.4
Fighting       | 4 5 7 8 9 10 11 13 14 15 16 17 18 20 21 22 23 24 25 26 | 26.2

Action                   |  1- 3 |  4- 6 |  7- 9 | 10-12 | 13-15 | 16-18 | 19-21 | 22-24 | 25-27 || total
-------------------------+-------+-------+-------+-------+-------+-------+-------+-------+-------++-------
Melee: War axe           |    91 |   116 |   295 |   888 |   790 |  1905 |  1411 |       |    56 ||  5552
       Headbutt          |    10 |    23 |    64 |   225 |   514 |   570 |   614 |   732 |   446 ||  3198
       Scimitar          |       |       |       |     4 |       |       |       |       |       ||     4
       Whip              |       |       |       |       |  1100 |   402 |       |       |       ||  1502
       Broad axe         |       |       |       |       |       |       |   525 |  2086 |  1078 ||  3689
Throw: Tomahawk          |       |       |       |     1 |       |       |       |       |       ||     1
       Throwing net      |       |       |       |       |       |       |       |       |     1 ||     1
 Abil: Evoke Berserk Rag |       |       |       |       |     5 |     7 |     2 |       |       ||    14
Evoke: Lamp of fire      |       |       |       |       |       |     1 |       |       |       ||     1
       Wand              |       |       |       |       |       |       |    13 |       |    19 ||    32
  Use: Scroll            |       |       |    13 |    11 |     7 |     9 |    15 |    21 |    11 ||    87
       Potion            |       |       |     1 |     2 |     1 |     3 |       |     6 |    22 ||    35
 Stab: Petrified         |       |       |       |       |     1 |       |       |       |       ||     1
       Distracted        |       |       |       |       |       |     1 |     1 |     3 |       ||     5
       Confused          |       |       |       |       |       |       |     1 |       |       ||     1
       Held in net/web   |       |       |       |       |       |       |       |       |     1 ||     1
  Eat: Chunk             |     1 |     5 |    11 |    29 |    47 |    31 |    41 |    29 |     2 ||   196
       Royal jelly       |       |       |       |     1 |       |    11 |     3 |     2 |       ||    17
       Meat ration       |       |       |       |       |       |       |       |       |     7 ||     7
Armor: Scale mail        |    52 |    28 |       |       |       |       |       |       |       ||    80
       Chain mail        |       |     8 |   156 |   103 |       |       |       |       |       ||   267
       Plate armour      |       |       |       |   200 |   326 |   400 |   111 |       |   146 ||  1183
       Swamp dragon scal |       |       |       |       |       |    26 |       |       |       ||    26
       Crystal plate arm |       |       |       |       |       |    50 |   288 |   488 |   118 ||   944
Dodge: Dodged            |    29 |    42 |   101 |   227 |   471 |  1023 |   688 |   748 |   444 ||  3773
       Deflected         |       |       |       |       |     2 |    22 |    30 |    36 |    16 ||   106
Block: Shield            |    48 |    42 |   206 |   183 |       |       |       |       |       ||   479
       Large shield      |       |       |       |   507 |  1456 |  2129 |  1714 |  1963 |  1097 ||  8866
       Reflection        |       |       |       |       |       |       |       |       |    12 ||    12
